 Dungeon Crawl Stone Soup version 0.28-b1-1-g3c77fb2ed1 (webtiles) character file.

Game seed: 6331026480564254574

551 pkoi the Grappler (level 7, 0/58 HPs)
             Began as a Minotaur Monk on Jan 31, 2022.
             Was a Believer of Makhleb.
             Slain by an ice beast (2 damage)
             ... on level 4 of the Dungeon.
             The game lasted 00:03:58 (4684 turns).

pkoi the Grappler (Minotaur Monk)                   Turns: 4684, Time: 00:03:59

Health: 0/58       AC:  3    Str: 17    XL:     7   Next: 7%
Magic:  6/6        EV: 13    Int:  7    God:    Makhleb [**....]
Gold:   146        SH:  0    Dex: 13    Spells: 6/6 levels left

rFire   . . .      SeeInvis .     - Unarmed
rCold   . . .      Faith    .   (no shield)
rNeg    . . .      Spirit   .   a - +0 robe
rPois   .          Reflect  .   (helmet restricted)
rElec   .          Harm     .   w - +0 cloak
rCorr   .          Rampage  .   (no gloves)
Will    .....                   (no boots)
Stlth   ++........              (no amulet)
HPRegen 0.19/turn               (no ring)
MPRegen 0.10/turn               (no ring)

@: no status effects
A: horns 2, retaliatory headbutt
a: Renounce Religion, Minor Destruction


You were on level 4 of the Dungeon.
You worshipped Makhleb.
Makhleb was pleased with you.
You visited 1 branch of the dungeon, and saw 4 of its levels.
You also visited: Sewer.

You collected 146 gold pieces.

Inventory:

Hand Weapons
 q - the +7 dagger of Patterns {vorpal, rF++ MP+9 Dex+4}
   (You found it on level 4 of the Dungeon)

   It inflicts extra damage upon your enemies.
   Dex:       It affects your dexterity (+4).
   rF:        It greatly protects you from fire.
   MP:        It affects your magic capacity (+9).
Missiles
 l - 6 poisoned darts (quivered)
 o - 2 throwing nets
Armour
 a - a +0 robe (worn)
 w - a +0 cloak (worn)
Jewellery
 b - an amulet of guardian spirit
 d - a +6 ring of dexterity
 g - a ring of ice
Wands
 v - a wand of digging (3)
Scrolls
 c - 2 scrolls of immolation {unknown}
 e - 4 scrolls of identify {unknown}
 f - a scroll of fog {unknown}
 i - 8 scrolls of teleportation {unknown}
 j - 2 scrolls of vulnerability {unknown}
 k - 2 scrolls of enchant weapon {unknown}
 m - 2 scrolls of holy word {unknown}
 p - 2 scrolls of noise
 r - a scroll of magic mapping {unknown}
 s - a scroll of fear {unknown}
Potions
 h - 2 potions of curing {unknown}
 n - a potion of magic {unknown}
 t - 5 potions of flight
 u - a potion of berserk rage {unknown}
 x - a potion of lignification {unknown}


   Skills:
 + Level 3.6 Fighting
 + Level 0.2 Armour
 + Level 3.3 Dodging
 - Level 1.5 Stealth
 + Level 8.8 Unarmed Combat
 + Level 0.2 Invocations
 + Level 0.2 Evocations


You had 6 spell levels left.
You didn't know any spells.
Your spell library was empty.

Dungeon Overview and Level Annotations

Branches:
Dungeon (4/15)              Sewer (visited)
 Temple: D:4-7

Altars:
Gozag
Makhleb
Zin


Innate Abilities, Weirdness & Mutations

You have a pair of horns on your head.
You reflexively headbutt those who attack you in melee.


Message History

You are too injured to fight recklessly!
You are too injured to fight recklessly!
You are too injured to fight recklessly!
You are too injured to fight recklessly!
You are too injured to fight recklessly!
You barely miss the ice beast. Your headbutt misses the ice beast.
The ice beast is lightly wounded.
The ice beast hits you. The ice beast freezes you.
You barely miss the ice beast.
The ice beast is lightly wounded.
The ice beast hits you.
* * * LOW HITPOINT WARNING * * *
The ice beast freezes you!
* * * LOW HITPOINT WARNING * * *
You hit the ice beast.
You headbutt the ice beast, but do no damage.
The ice beast is lightly wounded.
The ice beast closely misses you. You furiously retaliate!
You headbutt the ice beast, but do no damage.
You punch the ice beast!
The ice beast is heavily wounded.
You hit the ice beast. You headbutt the ice beast.
The ice beast is heavily wounded.
The quokka completely misses you.
The ice beast hits you but does no damage.
Unknown command.
Aiming: Minor Destruction (22% risk of failure)
Press: ? - help, Shift-Dir - straight line, f - ice beast
Aim: an ice beast (heavily wounded)
The puff of flame hits the ice beast!
The ice beast melts!
The ice beast is almost dead.
The quokka closely misses you. You furiously retaliate!
You headbutt the quokka, but do no damage.
The ice beast misses you.
The quokka bites you but does no damage.
Aiming: Minor Destruction (22% risk of failure)
Press: ? - help, Shift-Dir - straight line, f/p - ice beast
Aim: an ice beast (almost dead)
You fail to use your ability.
The ice beast hits you.
You die...

#.##.......# #..........##
#...............
...........$....
.<..........$... .....
....................
...............rY#.......# .
.......#.. #...@#.......#..
.)...#..##.##....#.# .........
.##.....##..####...# .........
........##....##...##........
.......>###................##.
#.....#..##..........#........
.#....#........).....# .......
........8......)....###...#...
####................).†.......


You could see an ice beast and a quokka.

Vanquished Creatures
  Sigmund (D:2)
  A black bear (D:3)
  A bullfrog skeleton (D:3)
  4 gnolls (D:4)
  8 river rats
  6 adders
  A white imp (D:3)
  4 worms
  A dart slug (D:2)
  An orc (D:3)
  10 ball pythons
  8 bats (Sewer)
  9 endoplasms
  7 giant cockroaches
  5 hobgoblins
  6 jackals
  4 quokkas (Sewer)
  4 frilled lizards
  2 goblins (D:1)
  7 kobolds
  12 rats
102 creatures vanquished.

Notes
Turn   | Place    | Note
-------+----------+-------------------------------------------
     0 | D:1      | pkoi the Minotaur Monk began the quest for the Orb.
     0 | D:1      | Reached XP level 1. HP: 19/19 MP: 0/0
   349 | D:1      | Reached XP level 2. HP: 26/26 MP: 1/1
   364 | D:1      | Reached skill level 4 in Unarmed Combat
   704 | D:1      | Found a faded altar of an unknown god.
  1245 | D:2      | Reached XP level 3. HP: 24/31 MP: 2/2
  1496 | D:2      | Noticed Sigmund
  1518 | D:2      | Killed Sigmund
  1519 | D:2      | Reached skill level 7 in Unarmed Combat
  1519 | D:2      | Reached XP level 4. HP: 17/39 MP: 3/3
  1519 | D:2      | Reached XP level 5. HP: 19/45 MP: 4/4
  2181 | D:3      | Found a glowing silver altar of Zin.
  2562 | D:3      | Reached XP level 6. HP: 41/51 MP: 5/5
  2766 | D:3      | Reached skill level 8 in Unarmed Combat
  3041 | D:4      | Identified the +7 dagger of Patterns {vorpal, rF++ MP+9
                  | Dex+4}
  3080 | D:4      | Found a glowing drain.
  3106 | Sewer    | Entered a sewer
  4411 | D:4      | Found a burning altar of Makhleb.
  4437 | D:4      | Became a worshipper of Makhleb the Destroyer
  4437 | D:4      | Reached * piety under Makhleb
  4437 | D:4      | Reached ** piety under Makhleb
  4442 | D:4      | Found an opulent altar of Gozag.
  4491 | D:4      | Reached XP level 7. HP: 50/57 MP: 6/6
  4679 | D:4      | HP: 2/58 [ice beast (14)]
  4684 | D:4      | Slain by an ice beast

Illustrated notes

Levels and vault maps discovered:
D:1:      heliophobic_arrival_battle_scene, layout_basic,
          ebering_ecumenical_altar_webs
D:2:      layout_loops_ring, nicolae_underground_beach, uniq_sigmund
D:3:      layout_rooms, lemuel_tele_altar
D:4:      layout_cave_pools, minitemple, nicolae_ossuary_entry_monument,
          gammafunk_ghost_grave, portal_sewer_entry_b, minmay_quadrilaterals

Skill      XL: |  1  2  3  4  5  6 |
---------------+-------------------+-----
Unarmed Combat | 4 7 8 |  8.8
Fighting       | |  3.6
Armour         | |  0.2
Dodging        | |  3.3
Stealth        | |  1.5
Invocations    | |  0.2
Evocations     | |  0.2

Action                   |  1- 3 |  4- 6 |  7- 9 || total
-------------------------+-------+-------+-------++-------
Melee: Unarmed           |    77 |   148 |    19 ||   244
       Headbutt          |    10 |    23 |     5 ||    38
       Punch             |     2 |     8 |       ||    10
Invok: Minor Destruction |       |       |     1 ||     1
  Use: Potion            |     2 |       |       ||     2
 Stab: Invisible         |     3 |       |       ||     3
       Sleeping          |     2 |     4 |       ||     6
Armor: Robe              |     6 |    35 |     4 ||    45
Dodge: Dodged            |    45 |   100 |     7 ||   152
